[Event "Titled Tuesday Blitz July 20 2021"]
[White "Yuan, Qingyu"]
[Black "Iskusnyh, Sergei"]
[WhiteFideId "8609772"]
[BlackFideId "4120027"]
[WhiteElo "2359"]
[BlackElo "2492"]
[Result "0-1"]
[Round "05"]
[TimeControl "180+1"]
[Date "2021.07.21"]
[WhiteClock "0:00:15"]
[BlackClock "0:00:21"]

1. e4 e6 2. d4 d5 3. Nd2 c5 4. Ngf3 Nc6 5. exd5 exd5 6. Bb5 cxd4 7. O-O Bd6 8. Nxd4 Ne7 9. N2f3 O-O 10. h3 Nxd4 11. Qxd4 Bf5 12. Bd3 Nc6 13. Qc3 Be4 14. Bxe4 dxe4 15. Ng5 Qe7 16. Qc4 Rae8 17. Re1 Qe5 18. g3 Qf5 19. Rxe4 h6 20. g4 Qg6 21. Rxe8 Rxe8 22. Nf3 Re4 23. Qd3 Ne5 24. Nxe5 Re1+ 25. Kg2 Bxe5 26. Qxg6 fxg6 27. Kf3 Kf7 28. a4 g5 29. c3 Bf4 30. Bxf4 Rxa1 31. Be3 Rxa4 32. Bd4 a6 33. b4 Ra2 34. Ke4 g6 35. Kd5 Re2 36. Kd6 Re6+ 37. Kc7 b5 38. Kb7 Ke7 39. Bb6 Kd7 40. Kxa6 Kc6 41. Bd4 Re2 42. Ka7 Re1 43. Kb8 Rh1 44. Kc8 Rxh3 45. Kd8 Rh4 46. Ke7 Rxg4 47. Kf6 h5 48. Kxg6 h4 49. Kf5 Rxd4 50. cxd4 h3 51. Ke6 h2 52. d5+ Kb7 53. d6 h1=Q 54. d7 Qe4+ 55. Kd6 Qd4+ 56. Ke7 Kc7 57. d8=Q+ Qxd8+ 58. Ke6 Qd4 59. Kf5 Qxf2+ 60. Kg6 Kd6 61. Kh5 Qf4 62. Kg6 g4 63. Kh5 g3 64. Kg6 g2 65. Kh5 Ke6 66. Kg6 g1=Q+ 67. Kh5 Qfh2# 0-1


[Site "https://www.chess.com"]

[Event "Titled Tuesday Blitz July 20 2021"]
[White "Zia, Tahsin Tajwar"]
[Black "Ovchinnikov, Vsevolod"]
[WhiteFideId "10211888"]
[BlackFideId "24176842"]
[WhiteElo "1800"]
[BlackElo "2376"]
[Result "0-1"]
[Round "05"]
[TimeControl "180+1"]
[Date "2021.07.21"]
[WhiteClock "0:00:10"]
[BlackClock "0:00:15"]

1. d4 Nf6 2. Bf4 g6 3. Nc3 d5 4. e3 Bg7 5. h4 c6 6. Be2 h6 7. Nf3 Bg4 8. Qd2 Nbd7 9. O-O-O Nh5 10. Ne5 Bxe2 11. Qxe2 Nxf4 12. exf4 Nxe5 13. fxe5 e6 14. f4 h5 15. Na4 Qa5 16. b3 O-O-O 17. Kb2 Bf8 18. Qd2 Qxd2 19. Rxd2 b6 20. c3 Kb7 21. b4 Ra8 22. a3 a5 23. Kb3 axb4 24. cxb4 Be7 25. g3 Ra6 26. Nb2 Rha8 27. a4 c5 28. dxc5 bxc5 29. b5 c4+ 30. Nxc4 dxc4+ 31. Kc3 R6a7 32. Rd7+ Kb6 33. Rhd1 Bc5 34. Rxa7 Rxa7 35. Rd8 Rxa4 36. Rb8+ Ka5 37. Rb7 Bf2 38. Rxf7 Kxb5 39. Re7 Ra3+ 40. Kc2 Rxg3 41. Rxe6 Bd4 42. Rd6 Rg2+ 43. Kc1 Be3+ 44. Kd1 Bxf4 45. Rd5+ Kc6 46. Rd8 Bxe5 47. Re8 Bf4 48. Re2 Rxe2 0-1


[Site "https://www.chess.com"]

[Event "Titled Tuesday Blitz July 20 2021"]
[White "Al-Tarboush, Ward"]
[Black "Semenova, Elena"]
[WhiteFideId "7601450"]
[BlackFideId "24125148"]
[WhiteElo "2319"]
[BlackElo "2075"]
[Result "1-0"]
[Round "06"]
[TimeControl "180+1"]
[Date "2021.07.21"]
[WhiteClock "0:02:23"]
[BlackClock "0:00:47"]

1. e4 e5 2. Nf3 Nf6 3. Nxe5 d6 4. Nf3 Nxe4 5. Nc3 Nxc3 6. dxc3 Be7 7. Bd3 Nc6 8. Bf4 Be6 9. Qd2 Qd7 10. Bb5 a6 11. Ba4 b5 12. Bb3 O-O 13. h4 Rfe8 14. h5 a5 15. O-O-O a4 16. Bxe6 Qxe6 17. Kb1 Ne5 18. Nd4 Qf6 19. h6 Nc4 20. Qc1 a3 21. b3 Nb2 22. Rde1 c5 23. Nxb5 Reb8 24. Nc7 Na4 25. Bd2 Bf8 26. hxg7 Bxg7 27. Nd5 Qg6 28. Ne7+ 1-0


[Site "https://www.chess.com"]

[Event "Titled Tuesday Blitz July 20 2021"]
[White "Aradhya, Garg"]
[Black "McDonald, Mike"]
[WhiteFideId "25006746"]
[BlackFideId "2635682"]
[WhiteElo "2146"]
[BlackElo "2497"]
[Result "1-0"]
[Round "06"]
[TimeControl "180+1"]
[Date "2021.07.21"]
[WhiteClock "0:00:21"]
[BlackClock "0:00:12"]

1. d4 Nf6 2. c4 g6 3. g3 Bg7 4. Bg2 O-O 5. Nc3 d6 6. Nf3 c5 7. O-O Nc6 8. dxc5 dxc5 9. Be3 Qa5 10. Qb3 Ng4 11. Bd2 Nd4 12. Nxd4 cxd4 13. Ne4 Qc7 14. Rac1 h6 15. h3 Ne5 16. f4 Nc6 17. Nf2 e5 18. Nd3 Re8 19. fxe5 Nxe5 20. Bf4 Qe7 21. Nxe5 Bxe5 22. Bxh6 Bg7 23. Bxg7 Kxg7 24. Qd3 Qe3+ 25. Qxe3 Rxe3 26. Kf2 Be6 27. Rfd1 Rd8 28. Bxb7 Rb8 29. Rxd4 Re5 30. Bf3 Rxb2 31. h4 Rc5 32. a3 Rb3 33. Bd5 Bxd5 34. Rxd5 Rxd5 35. cxd5 Rxa3 36. d6 Kf8 37. Rc8+ Kg7 38. d7 a5 39. d8=Q g5 40. Qf8+ Kh7 41. Qxf7+ Kh6 42. Rh8# 1-0


[Site "https://www.chess.com"]

[Event "Titled Tuesday Blitz July 20 2021"]
[White "Asadli, Vugar"]
[Black "Sarana, Alexey"]
[WhiteFideId "13405764"]
[BlackFideId "24133795"]
[WhiteElo "2386"]
[BlackElo "2646"]
[Result "1-0"]
[Round "06"]
[TimeControl "180+1"]
[Date "2021.07.20"]
[WhiteClock "0:00:47"]
[BlackClock "0:00:04"]

1. e4 e5 2. Nf3 Nc6 3. Bc4 Bc5 4. c3 Nf6 5. d4 exd4 6. e5 d5 7. Bb5 Ne4 8. cxd4 Bb6 9. Nc3 O-O 10. Be3 Bg4 11. h3 Bh5 12. Rc1 Ne7 13. Bd3 Bg6 14. O-O Nf5 15. Qc2 Nxe3 16. fxe3 Ng3 17. Rf2 c6 18. Kh2 Ne4 19. Nxe4 dxe4 20. Bxe4 Qe7 21. Bxg6 hxg6 22. Rcf1 Rad8 23. Qe4 Bc7 24. Kh1 Rd5 25. Qg4 Bd8 26. e4 Rb5 27. b3 a5 28. Rd2 Rb4 29. Qg3 a4 30. Rd3 axb3 31. axb3 Bb6 32. Re1 Rd8 33. d5 Rd7 34. d6 Qe8 35. Ng5 Bd8 36. Nf3 f6 37. exf6 Rxe4 38. Rxe4 Qxe4 39. Ne5 Rf7 40. Nxf7 Kxf7 41. fxg7 Kxg7 42. d7 Qe2 43. Kh2 Qf1 44. Qe5+ Kh7 45. Rf3 Qd1 46. Rf7+ Kh6 47. Qh8+ Kg5 48. Qxd8+ 1-0


[Site "https://www.chess.com"]

[Event "Titled Tuesday Blitz July 20 2021"]
[White "Bartel, Mateusz"]
[Black "Lagunow, Raphael"]
[WhiteFideId "1112635"]
[BlackFideId "24652644"]
[WhiteElo "2586"]
[BlackElo "2400"]
[Result "1-0"]
[Round "06"]
[TimeControl "180+1"]
[Date "2021.07.20"]
[WhiteClock "0:00:58"]
[BlackClock "0:00:06"]

1. Nf3 d5 2. g3 Nd7 3. d4 b5 4. Nc3 c6 5. Bg2 Ngf6 6. O-O e6 7. a3 Bb7 8. Nd2 Qb6 9. e4 Qxd4 10. Qe2 Qb6 11. exd5 cxd5 12. Nxb5 Be7 13. c4 O-O 14. Nc3 Rfe8 15. b4 dxc4 16. Nxc4 Qc7 17. Nb5 Qb8 18. Bxb7 Qxb7 19. Ncd6 Qa6 20. Nxe8 Rxe8 21. Bb2 Nd5 22. Nc3 Qxe2 23. Nxe2 Rb8 24. Bd4 a6 25. Nc3 Nxc3 26. Bxc3 Nb6 27. Rfc1 Nd5 28. Be5 Ra8 29. Rc6 f6 30. Bb2 Kf7 31. Re1 e5 32. Rd1 Rd8 33. Rxa6 Nxb4 34. Rxd8 Nxa6 35. Rd7 Ke6 36. Ra7 Nc5 37. Bc3 Ne4 38. Bb4 Bxb4 39. axb4 g5 40. Rxh7 Kd5 41. Rc7 Nd6 42. h4 1-0


[Site "https://www.chess.com"]

[Event "Titled Tuesday Blitz July 20 2021"]
[White "Bartel, Michal"]
[Black "Jarovinsky, Alexey"]
[WhiteFideId "1119257"]
[BlackFideId "14115131"]
[WhiteElo "2271"]
[BlackElo "2446"]
[Result "1/2-1/2"]
[Round "06"]
[TimeControl "180+1"]
[Date "2021.07.21"]
[WhiteClock "0:01:02"]
[BlackClock "0:00:05"]

1. e4 Nc6 2. g3 e5 3. Bg2 Bc5 4. Ne2 Nf6 5. O-O d6 6. c3 Bb6 7. d4 Bg4 8. f3 Bd7 9. Be3 d5 10. exd5 Nxd5 11. Bf2 Nf6 12. Na3 exd4 13. Nxd4 Bxd4 14. cxd4 O-O 15. d5 Ne7 16. d6 cxd6 17. Qxd6 Bc6 18. Rad1 Qxd6 19. Rxd6 a6 20. Nc4 Rad8 21. Rfd1 Rxd6 22. Rxd6 Nc8 23. Rd2 h6 24. Na5 Bd5 25. Bd4 Ne7 26. Bxf6 gxf6 27. f4 Bxg2 28. Kxg2 b6 29. Nc4 b5 30. Ne3 Rc8 31. Rd7 Kf8 32. Ng4 f5 33. Ne5 Rc2+ 34. Kh3 Rxb2 35. Rd8+ Kg7 36. Rd7 Kf8 37. Rd8+ Kg7 38. Rd7 Ng6 39. Rxf7+ Kg8 40. Rxf5 Nxe5 41. Rxe5 Rxa2 42. f5 b4 43. Kg4 Rxh2 44. Re6 a5 45. Rb6 Rb2 46. Kh5 Kf7 47. Kxh6 a4 48. g4 a3 49. Rb7+ Kf6 50. Rb6+ Kf7 51. Rb7+ Kf6 52. Rb6+ Ke5 53. Rb5+ Kd6 54. f6 a2 55. Rb6+ Kc5 56. Ra6 b3 57. f7 Rf2 58. Ra5+ Kb4 59. Rf5 Rxf5 60. gxf5 a1=Q 61. f8=Q+ Kc4 62. Qc8+ Kd3 63. Qd7+ Kc2 64. Qc6+ Qc3 65. Qxc3+ Kxc3 66. f6 b2 67. f7 b1=Q 68. f8=Q Qh1+ 69. Kg7 Qg1+ 70. Kf7 Qf2+ 71. Ke8 Qxf8+ 72. Kxf8 1/2-1/2


[Site "https://www.chess.com"]

[Event "Titled Tuesday Blitz July 20 2021"]
[White "Begunov, Konstantin"]
[Black "Vasli, Aref"]
[WhiteFideId "4118510"]
[BlackFideId "417521"]
[WhiteElo "2262"]
[BlackElo "2257"]
[Result "1/2-1/2"]
[Round "06"]
[TimeControl "180+1"]
[Date "2021.07.21"]
[WhiteClock "0:00:11"]
[BlackClock "0:00:28"]

1. d4 Nf6 2. c4 e6 3. Nf3 d5 4. Nc3 c5 5. cxd5 exd5 6. g3 Nc6 7. Bg2 Be7 8. O-O O-O 9. Bg5 Be6 10. dxc5 Bxc5 11. Bxf6 Qxf6 12. Nxd5 Qxb2 13. Nc7 Rad8 14. Qc1 Qxc1 15. Rfxc1 Bb6 16. Nxe6 fxe6 17. e3 Rd6 18. Ng5 Rd2 19. Bxc6 bxc6 20. Ne4 Rb2 21. Rxc6 h6 22. Rxe6 Rc8 23. a4 Ba5 24. Ra6 Bb6 25. a5 Bxe3 26. fxe3 Rcc2 27. h4 Rg2+ 28. Kf1 Rh2 29. Kg1 Rbg2+ 30. Kf1 Rb2 31. Kg1 Rbg2+ 32. Kf1 Rb2 1/2-1/2


[Site "https://www.chess.com"]

[Event "Titled Tuesday Blitz July 20 2021"]
[White "Boidiya, Sidi"]
[Black "Leiva, Gianmarco"]
[WhiteFideId "19600100"]
[BlackFideId "3804399"]
[WhiteElo "2113"]
[BlackElo "2365"]
[Result "1/2-1/2"]
[Round "06"]
[TimeControl "180+1"]
[Date "2021.07.21"]
[WhiteClock "0:02:39"]
[BlackClock "0:02:09"]

1. e4 c5 2. Nc3 d6 3. g3 g6 4. Bg2 Bg7 5. d3 Nc6 6. Nge2 e6 7. Be3 Nd4 8. Qd2 h5 9. h3 Ne7 10. O-O Rb8 11. a4 b6 12. Kh2 Bb7 13. f4 f5 1/2-1/2


[Site "https://www.chess.com"]

[Event "Titled Tuesday Blitz July 20 2021"]
[White "Buchenau, Frank"]
[Black "Derige Kane, Yan"]
[WhiteFideId "4604350"]
[BlackFideId "20665431"]
[WhiteElo "2255"]
[BlackElo "2169"]
[Result "1-0"]
[Round "06"]
[TimeControl "180+1"]
[Date "2021.07.21"]
[WhiteClock "0:01:13"]
[BlackClock "0:01:27"]

1. e4 c5 2. Nf3 Nc6 3. Bb5 e6 4. Bxc6 bxc6 5. d3 Ne7 6. Qe2 Ng6 7. h4 h5 8. e5 Be7 9. Qe4 Qc7 10. Bg5 Bxg5 11. hxg5 d6 12. exd6 Qxd6 13. Na3 Ba6 14. O-O-O Qd5 15. Qa4 Bb7 16. Nc4 a5 17. Nb6 Qf5 18. Nxa8 Bxa8 19. Qxa5 O-O 20. Rxh5 Nf4 21. Rh2 f6 22. gxf6 Qxf6 23. Rdh1 Ng6 24. Qxc5 Rb8 25. Qd4 Qf5 26. Qe4 Qxe4 27. dxe4 c5 28. Ng5 Rb6 29. f3 e5 30. Rd1 Rb8 31. Rd6 Nf4 32. g3 1-0


[Site "https://www.chess.com"]

[Event "Titled Tuesday Blitz July 20 2021"]
[White "Chigaev, Maksim"]
[Black "Ovchinnikov, Vsevolod"]
[WhiteFideId "4108116"]
[BlackFideId "24176842"]
[WhiteElo "2646"]
[BlackElo "2376"]
[Result "1-0"]
[Round "06"]
[TimeControl "180+1"]
[Date "2021.07.21"]
[WhiteClock "0:00:28"]
[BlackClock "0:00:03"]

1. b3 Nf6 2. Bb2 d5 3. Nf3 e6 4. g3 b6 5. Bg2 Bb7 6. O-O Nbd7 7. c4 Be7 8. e3 O-O 9. Nc3 Re8 10. d4 c5 11. Qe2 dxc4 12. bxc4 cxd4 13. exd4 Rc8 14. Rac1 Bf8 15. Rfd1 Qc7 16. Nb5 Qb8 17. Ne5 Bxg2 18. Kxg2 a6 19. Nxd7 Nxd7 20. Nc3 Nf6 21. Kg1 Qb7 22. Qd3 Red8 23. d5 exd5 24. Nxd5 Nxd5 25. cxd5 Rxc1 26. Bxc1 b5 27. h4 h6 28. h5 Qc8 29. Bf4 Qg4 30. d6 Rd7 31. Qd5 Qe6 32. Qc6 g5 33. hxg6 fxg6 34. Be5 Rd8 35. f4 Qg4 36. Qd5+ 1-0


[Site "https://www.chess.com"]

[Event "Titled Tuesday Blitz July 20 2021"]
[White "Chiu, Isaac"]
[Black "Babiy, Olga"]
[WhiteFideId "30900654"]
[BlackFideId "14117258"]
[WhiteElo "2117"]
[BlackElo "2230"]
[Result "0-1"]
[Round "06"]
[TimeControl "180+1"]
[Date "2021.07.21"]
[WhiteClock "0:00:01"]
[BlackClock "0:00:20"]

1. e4 d6 2. d4 Nf6 3. Nc3 e5 4. Nf3 Nbd7 5. Bc4 Be7 6. a4 O-O 7. O-O a6 8. a5 exd4 9. Qxd4 Nc5 10. h3 Be6 11. Be3 Re8 12. Ng5 Bf8 13. b4 Bxc4 14. Qxc4 Ne6 15. Rad1 Nd7 16. Nf3 Qf6 17. Nd5 Qd8 18. Rd2 h6 19. Rfd1 Qc8 20. Qb3 g6 21. Nd4 Nxd4 22. Bxd4 Rxe4 23. Qc3 c6 24. f3 Rxd4 25. Rxd4 cxd5 26. Qd2 Nf6 27. g4 Bg7 28. h4 Qc6 29. Kg2 Rc8 30. g5 hxg5 31. hxg5 Nh5 32. Rg4 Be5 33. Kh3 Qxc2 0-1


[Site "https://www.chess.com"]

[Event "Titled Tuesday Blitz July 20 2021"]
[White "Czerw, Dawid"]
[Black "Shvedova, Alexandra"]
[WhiteFideId "1145746"]
[BlackFideId "54154782"]
[WhiteElo "2075"]
[BlackElo "1887"]
[Result "0-1"]
[Round "06"]
[TimeControl "180+1"]
[Date "2021.07.21"]
[WhiteClock "0:00:02"]
[BlackClock "0:00:31"]

1. d4 d5 2. c4 e6 3. Nc3 Be7 4. cxd5 exd5 5. Bf4 Nf6 6. e3 O-O 7. Bd3 c5 8. Nge2 Nc6 9. O-O c4 10. Bc2 a6 11. h3 h6 12. f3 Bd6 13. Rc1 Bxf4 14. Nxf4 Qd6 15. Bb1 b5 16. a3 Ra7 17. Qd2 Re7 18. Rcd1 Rfe8 19. e4 dxe4 20. fxe4 Rd8 21. e5 Nxe5 22. dxe5 Qxd2 23. Rxd2 Rxd2 24. exf6 gxf6 25. Nfd5 Re5 26. Nxf6+ Kg7 27. g4 Bb7 28. Nce4 Rxb2 29. Nh5+ Kf8 30. Nhg3 c3 31. Rc1 Rxb1 32. Rxb1 c2 33. Re1 Bxe4 34. Nxe4 Rxe4 35. Rc1 Re3 36. Rxc2 Rxh3 37. Rc6 Rxa3 38. Rxh6 Kg7 39. Rb6 Ra4 40. Kf2 b4 41. g5 a5 42. Ke3 Ra3+ 43. Kf4 b3 44. Kf5 a4 45. Rb7 Ra2 46. Ra7 b2 47. Rb7 a3 48. g6 Ra1 49. Rxf7+ Kg8 0-1


[Site "https://www.chess.com"]

[Event "Titled Tuesday Blitz July 20 2021"]
[White "Dang, Hoang Son"]
[Black "Ivanov, Mike"]
[WhiteFideId "12402435"]
[BlackFideId "2613158"]
[WhiteElo "2248"]
[BlackElo "2197"]
[Result "0-1"]
[Round "06"]
[TimeControl "180+1"]
[Date "2021.07.21"]
[WhiteClock "0:00:05"]
[BlackClock "0:00:04"]

1. d4 Nf6 2. c4 e6 3. Nf3 c5 4. g3 cxd4 5. Nxd4 d5 6. Bg2 e5 7. Nc2 d4 8. O-O a5 9. e3 d3 10. Ne1 e4 11. Nc3 Bb4 12. Bd2 Bg4 13. f3 exf3 14. Nxf3 Nc6 15. Nb5 Bc5 16. Kh1 O-O 17. Nc3 Qd7 18. Qa4 Bh3 19. Qb5 Bxg2+ 20. Kxg2 Ba7 21. Nh4 Ng4 22. Nd5 Nce5 23. Qxd7 Nxd7 24. Nf5 a4 25. Rf4 Nge5 26. Raf1 f6 27. Nd6 Rab8 28. b4 axb3 29. axb3 Rfd8 30. Bb4 Bc5 31. Bxc5 Nxc5 32. Nf5 Nxb3 33. g4 d2 34. g5 Nd3 35. Rg4 Ne1+ 36. Kh1 d1=Q 37. Nfe7+ Kf7 38. g6+ hxg6 39. Rgf4 g5 40. Rf5 Qd3 41. Rxe1 Nd2 42. Kg1 Ne4 43. Rf4 Qd2 44. Ref1 gxf4 45. Nf5 fxe3 46. Ndxe3 Qe2 47. Rf4 Qe1+ 48. Kg2 Qe2+ 49. Kh3 Qe1 50. Rxe4 Qd1 51. Kg2 Rd2+ 52. Kg3 Qe2 53. Nd6+ Kg6 54. Rg4+ Kh7 55. Nef5 Qf2+ 56. Kh3 Qxh2# 0-1


[Site "https://www.chess.com"]

[Event "Titled Tuesday Blitz July 20 2021"]
[White "Darini, Pouria"]
[Black "Song, Michael"]
[WhiteFideId "12502200"]
[BlackFideId "2613190"]
[WhiteElo "2489"]
[BlackElo "2274"]
[Result "0-1"]
[Round "06"]
[TimeControl "180+1"]
[Date "2021.07.21"]
[WhiteClock "0:00:12"]
[BlackClock "0:00:07"]

1. e4 e5 2. Nf3 Nc6 3. d4 exd4 4. Nxd4 Bb4+ 5. c3 Bc5 6. Be3 Bb6 7. Nf5 g6 8. Bxb6 axb6 9. Ne3 Nf6 10. f3 O-O 11. c4 d6 12. Nc3 Nh5 13. Qd2 f5 14. exf5 gxf5 15. O-O-O Ne5 16. Ned5 f4 17. Bd3 Be6 18. g4 Ng7 19. Nxf4 Nxf3 20. Nxe6 Nxe6 21. Qe3 Qg5 22. Qxg5+ Nexg5 23. Bf5 Nh4 24. Bb1 Rf7 25. Nd5 Raf8 26. Rhe1 Nhf3 27. Re7 Rxe7 28. Nxe7+ Kg7 29. Nf5+ Kh8 30. h4 Ne6 31. b3 Ne5 32. Re1 Nf4 33. Re4 Nfd3+ 34. Bxd3 Nxd3+ 35. Kd2 Ne5 36. Ne3 Rf2+ 37. Kc3 Rxa2 38. Rf4 Kg8 39. Nd5 Rg2 40. Nf6+ Kg7 41. Nh5+ Kg8 42. Nf6+ Kg7 43. g5 Rh2 44. Nh5+ Kg8 45. Nf6+ Kg7 46. b4 Ng6 47. Nh5+ Kg8 48. Nf6+ Kh8 49. Re4 Rxh4 50. Re8+ Kg7 51. Rc8 Kf7 52. Rxc7+ Ke6 53. Rxb7 Ne5 54. Nd5 Rxc4+ 55. Kb3 Kxd5 56. Rxb6 Rd4 57. Rb8 Rd3+ 58. Kc2 Rg3 59. Rg8 Ng6 60. b5 Rxg5 61. b6 Kc6 62. Rg7 Rb5 63. Rc7+ Kxb6 64. Rxh7 Ne5 65. Kc3 Kc6 66. Kd4 Rc5 67. Rh8 Rc4+ 68. Ke3 Kd5 69. Rh1 Rc3+ 70. Kd2 Rg3 71. Ke2 Ke4 72. Rh4+ Rg4 73. Rh8 Rg2+ 74. Kf1 Ra2 75. Rh4+ Ke3 76. Rh3+ Nf3 77. Rh2 Nxh2+ 0-1


[Site "https://www.chess.com"]

[Event "Titled Tuesday Blitz July 20 2021"]
[White "DieHardCuban"]
[Black "Dzhaparov, Medet"]
[BlackFideId "13803689"]
[WhiteElo "2457"]
[BlackElo "1702"]
[Result "1-0"]
[Round "06"]
[TimeControl "180+1"]
[Date "2021.07.21"]
[WhiteClock "0:00:10"]
[BlackClock "0:00:01"]

1. e4 e5 2. Nf3 Nc6 3. Bb5 a6 4. Ba4 Nf6 5. O-O b5 6. Bb3 Be7 7. a4 b4 8. d4 d6 9. dxe5 dxe5 10. Qxd8+ Bxd8 11. a5 O-O 12. Nbd2 Bb7 13. Re1 Be7 14. Bc4 Rad8 15. Nb3 h6 16. h3 Rd7 17. Bd2 Rfd8 18. c3 Kf8 19. Rac1 bxc3 20. Bxc3 Bd6 21. Re3 Re8 22. Nh4 g6 23. Bd2 Nd4 24. Nxd4 exd4 25. Rf3 Kg7 26. Bxh6+ Kxh6 27. Rxf6 Rxe4 28. Nf5+ Kg5 29. Nxd6 Kxf6 30. Nxe4+ Bxe4 31. Bxa6 d3 32. Ra1 d2 33. Be2 Bc2 34. a6 c5 35. a7 d1=Q+ 36. Bxd1 1-0


[Site "https://www.chess.com"]

[Event "Titled Tuesday Blitz July 20 2021"]
[White "Dixit, Arun"]
[Black "Skatchkov, Valery"]
[WhiteFideId "30937671"]
[BlackFideId "24195812"]
[WhiteElo "2375"]
[BlackElo "2199"]
[Result "0-1"]
[Round "06"]
[TimeControl "180+1"]
[Date "2021.07.21"]
[WhiteClock "0:00:09"]
[BlackClock "0:00:59"]

1. d4 Nf6 2. c4 e6 3. Nc3 c5 4. d5 exd5 5. cxd5 d6 6. e4 g6 7. Nf3 Bg7 8. Nd2 O-O 9. a4 Na6 10. Bd3 Nb4 11. Bb1 Re8 12. O-O Ng4 13. Nc4 a6 14. Bf4 Ne5 15. Nxe5 Bxe5 16. Bxe5 dxe5 17. Na2 Nxa2 18. Bxa2 Qd6 19. Bc4 b6 20. Qe2 f5 21. Rae1 f4 22. f3 Bd7 23. b3 a5 24. Bb5 Re7 25. Bxd7 Rxd7 26. Qb5 Qc7 27. Rc1 Rd6 28. Qd3 g5 29. g4 fxg3 30. hxg3 Rf8 31. Kg2 Qg7 32. g4 h5 33. gxh5 g4 34. Kh1 Rh6 35. fxg4 Qxg4 36. Rxf8+ Kxf8 37. Rc2 Qxh5+ 38. Kg2 Qh1+ 39. Kf2 Rh2+ 40. Ke3 Qe1+ 41. Kf3 Rh3+ 42. Kg4 Qh4+ 43. Kf5 Qf4+ 44. Ke6 Rh6+ 45. Kd7 Qf7+ 46. Kc8 Rh8 0-1


[Site "https://www.chess.com"]

[Event "Titled Tuesday Blitz July 20 2021"]
[White "DominikPedzich"]
[Black "Baskin, Robert"]
[BlackFideId "24662402"]
[WhiteElo "2418"]
[BlackElo "2462"]
[Result "1/2-1/2"]
[Round "06"]
[TimeControl "180+1"]
[Date "2021.07.21"]
[WhiteClock "0:00:07"]
[BlackClock "0:00:09"]

1. e4 e5 2. Nf3 Nc6 3. Nc3 Nf6 4. d4 exd4 5. Nxd4 Bb4 6. Nxc6 bxc6 7. Bd3 d5 8. exd5 O-O 9. O-O Bg4 10. f3 Bh5 11. dxc6 Qd4+ 12. Kh1 Bxc3 13. bxc3 Qxc3 14. Bd2 Qxc6 15. Rb1 Bg6 16. Bxg6 hxg6 17. Bf4 Nd5 18. Bd2 Rad8 19. Rb3 Rfe8 20. Qc1 Re2 21. Rd3 Rde8 22. Re1 Rxe1+ 23. Bxe1 Qe6 24. Bg3 Nf4 25. Rd1 Ne2 26. Qd2 Nxg3+ 27. hxg3 Qxa2 28. Qd7 Re5 29. Qxc7 Rh5+ 30. Kg1 Qe6 31. Qxa7 Qe2 32. Rf1 Qxc2 33. Qf2 Qc6 34. g4 Rc5 35. Qe3 g5 36. Qf2 g6 37. Qe3 Kg7 38. Qd4+ Kg8 39. Qe3 Rd5 40. Qf2 Qd7 41. Re1 Rd2 42. Qe3 Qd5 43. Qe8+ Kg7 44. Qe5+ Qxe5 45. Rxe5 Kf6 46. Rb5 Rd6 47. Ra5 Re6 48. Rb5 Re5 49. Rb6+ Ke7 50. Rb7+ Ke6 51. Rb6+ Ke7 52. Rb7+ Kf8 53. Rb6 Kg7 54. Rb7 Re6 55. Kf2 Ra6 56. Kg3 Kf8 57. Kf2 f5 58. gxf5 gxf5 59. Rb5 Rf6 60. Ke3 Kg7 61. g4 fxg4 62. Rxg5+ Kf7 63. Rxg4 Re6+ 64. Re4 Rxe4+ 65. Kxe4 Ke6 66. Kf4 Kf6 67. Ke4 Ke6 68. Kf4 Kf6 69. Ke4 Ke6 1/2-1/2


[Site "https://www.chess.com"]

[Event "Titled Tuesday Blitz July 20 2021"]
[White "Eynullayev, Atilla"]
[Black "Manzone, Alessandro"]
[WhiteFideId "13413570"]
[BlackFideId "112488"]
[WhiteElo "1997"]
[BlackElo "2327"]
[Result "1-0"]
[Round "06"]
[TimeControl "180+1"]
[Date "2021.07.21"]
[WhiteClock "0:00:11"]
[BlackClock "0:00:03"]

1. d4 Nf6 2. c4 e6 3. Nc3 Bb4 4. e3 O-O 5. Nf3 d5 6. a3 Bxc3+ 7. bxc3 c5 8. Bb2 b6 9. cxd5 exd5 10. c4 Ba6 11. dxc5 bxc5 12. Bxf6 Qxf6 13. cxd5 Bxf1 14. Kxf1 Rd8 15. e4 Nc6 16. g3 Na5 17. Kg2 Rab8 18. Rb1 c4 19. Qa4 Nb3 20. Rhd1 Rdc8 21. d6 Qe6 22. d7 Rd8 23. Ng5 Qe5 24. Qxc4 Qxg5 25. Rxb3 Rxb3 26. Qxb3 Qe7 27. Qb7 h5 28. Qd5 h4 29. gxh4 Qxh4 30. Rd3 Qe7 31. a4 Qf6 32. a5 a6 33. e5 Qf5 34. Qd4 g6 35. h4 Qe6 36. Kg3 Qf5 37. Qd5 Kg7 38. Qd4 Qe6 39. Rd2 Qf5 40. f4 Kg8 41. Qd3 Qe6 42. f5 gxf5 43. Qd6 Qb3+ 44. Rd3 Qc2 45. Kh3 Qf2 46. Rg3+ Kh7 47. Qd3 1-0


[Site "https://www.chess.com"]

[Event "Titled Tuesday Blitz July 20 2021"]
[White "Ezat, Mohamed"]
[Black "Vdovin, Vadim"]
[WhiteFideId "10600906"]
[BlackFideId "24107158"]
[WhiteElo "2414"]
[BlackElo "2406"]
[Result "0-1"]
[Round "06"]
[TimeControl "180+1"]
[Date "2021.07.21"]
[WhiteClock "0:00:17"]
[BlackClock "0:00:10"]

1. d4 Nf6 2. c4 e6 3. Nc3 Bb4 4. e3 O-O 5. a3 Bxc3+ 6. bxc3 d6 7. Bd3 e5 8. f3 e4 9. Bb1 Re8 10. Ra2 Be6 11. d5 Bf5 12. Ne2 Nbd7 13. Nd4 Bg6 14. f4 Nc5 15. O-O Bh5 16. Qe1 Nd3 17. Qg3 Qd7 18. h3 c5 19. dxc6 bxc6 20. f5 Rab8 21. Bc2 c5 22. Nb5 Re5 23. Qh4 Be2 24. Rf4 Nxc1 25. Ra1 Nd3 26. g4 Nxf4 27. exf4 Bxc4 28. fxe5 dxe5 29. g5 Bxb5 30. gxf6 Qxf5 31. fxg7 Bd3 32. Ba4 Rb6 33. Ra2 Rg6+ 34. Kh1 Qf1+ 35. Kh2 Qg1# 0-1


[Site "https://www.chess.com"]

[Event "Titled Tuesday Blitz July 20 2021"]
[White "FGHSMN"]
[Black "Nguyen, Hong Ngoc"]
[BlackFideId "12403083"]
[WhiteElo "2529"]
[BlackElo "1830"]
[Result "1-0"]
[Round "06"]
[TimeControl "180+1"]
[Date "2021.07.21"]
[WhiteClock "0:00:03"]
[BlackClock "0:00:40"]

1. e4 d6 2. d4 Nf6 3. Nc3 g6 4. f4 Bg7 5. Nf3 Bg4 6. h3 Bxf3 7. Qxf3 Nc6 8. Be3 e5 9. fxe5 dxe5 10. d5 Nd4 11. Qf2 c5 12. Bd3 O-O 13. O-O Ne8 14. Ne2 Nxe2+ 15. Qxe2 b6 16. c4 Nd6 17. g4 Qe7 18. Rf3 Rae8 19. Raf1 f5 20. gxf5 gxf5 21. Bd2 f4 22. Kh1 Kh8 23. b4 Nb7 24. a3 Bf6 25. Rg1 Rg8 26. Rff1 Qd7 27. Rg4 Rxg4 28. Qxg4 Qxg4 29. hxg4 Rg8 30. Rg1 Bg5 31. Be1 Kg7 32. Kg2 Kf6 33. Kf3 Rc8 34. Rh1 h6 35. b5 Nd6 36. Rh2 a5 37. bxa6 Ra8 38. a4 Rxa6 39. Ra2 Nb7 40. Bc3 Nd6 41. Rb2 Nf7 42. Ra2 Kg6 43. a5 Bd8 44. Rb2 Ng5+ 45. Kf2 Kf6 46. axb6 Rxb6 47. Rxb6+ Bxb6 48. Bb2 Nh3+ 49. Kf3 Ng5+ 50. Kg2 Nf7 51. Ba3 Kg5 52. Kf3 Nd6 53. Bc1 Nf7 54. Bd2 Kf6 55. Be1 Ng5+ 56. Kg2 Kf7 57. Bf2 Ba7 58. Kf1 Nf3 59. Ke2 Nh2 60. Bg1 Nxg4 61. Kf3 Nf6 62. Bf2 Bb6 63. Bh4 Ba5 64. Be1 Ne8 65. Bxa5 Nd6 66. Bb6 Nb7 67. Kg4 Ke7 68. Kf5 Kd6 69. Ba7 Na5 70. Bb8+ Kd7 71. Bxe5 f3 72. Kf4 f2 73. Ke3 Nxc4+ 74. Bxc4 1-0


[Site "https://www.chess.com"]

[Event "Titled Tuesday Blitz July 20 2021"]
[White "Gabrielian, Artur"]
[Black "Jovic, Stanoje"]
[WhiteFideId "4131002"]
[BlackFideId "905020"]
[WhiteElo "2523"]
[BlackElo "2286"]
[Result "0-1"]
[Round "06"]
[TimeControl "180+1"]
[Date "2021.07.21"]
[WhiteClock "0:00:50"]
[BlackClock "0:01:14"]

1. d4 Nf6 2. c4 e6 3. Nc3 Bb4 4. e3 O-O 5. Bd3 d5 6. a3 dxc4 7. Bxc4 Bxc3+ 8. bxc3 b6 9. Ne2 Ba6 10. Bxa6 Nxa6 11. O-O c5 12. f3 cxd4 13. cxd4 Rc8 14. e4 Qc7 15. Bg5 Qc2 16. Qe1 Kh8 17. Bxf6 gxf6 18. Nf4 Rg8 19. Qh4 Rg5 20. Rf2 Qc3 21. Rd1 Qb3 22. Rdf1 Rcg8 23. g4 Qxa3 24. Kh1 Qe3 25. Nh3 R5g6 26. d5 Nc5 27. dxe6 Nxe6 28. Rd1 Rh6 29. Qg3 Rxh3 30. Qxh3 Qxf2 31. Rf1 Qd2 32. Qg3 Nf4 33. Ra1 a5 34. Rb1 Rc8 0-1


[Site "https://www.chess.com"]